 Dungeon Crawl Stone Soup version 0.29-a0-911-g88e6f02907 (webtiles) character file.

Game seed: 1608858311654810842

160626 wingedge the Fencer (level 19, -11/168 HPs)
             Began as a Meteoran Wanderer on July 25, 2022.
             Was an Elder of Okawaru.
             Mangled by a rockslime (29 damage)
             ... on level 5 of the Pits of Slime.
             The game lasted 03:46:01 (11528 turns).

wingedge the Fencer (Meteoran Wanderer)            Turns: 11528, Time: 03:46:02

Health: -11/168    AC:  8    Str: 18    XL:     19   Next: 9%
Magic:  31/32      EV: 18    Int: 19    God:    Okawaru [****..]
Gold:   621        SH: 20    Dex: 25    Spells: 25/34 levels left

rFire   . . .      SeeInvis .   h - +6 long sword "Haritell" {spect, rC+ Int+3}
rCold   + + +      Faith    .   E - +1 kite shield of Hangman {Dex+5}
rNeg    . . .      Spirit   .   a - +1 ring mail {Will+}
rPois   +          Reflect  +   r - +0 helmet
rElec   .          Harm     .   v - scarf {rC+ rF+}
rCorr   +          Rampage  +   (no gloves)
Will    +++..                   K - +1 pair of boots {rampage}
Stlth   +.........              i - amulet of reflection
HPRegen 0.38/turn               e - ring of resist corrosion
MPRegen 0.23/turn               b - ring of Peranlan {Ice rPois Str+3}

@: corroded, glowing, unable to read
A: sense surroundings 3, otherworldly, glowing, explore regen, inability to read
while threatened 1
a: Renounce Religion, Heroism, Finesse


You were on level 5 of the Pits of Slime.
You worshipped Okawaru.
Okawaru was greatly pleased with you.
You visited 5 branches of the dungeon, and saw 25 of its levels.
You also visited: Ossuary, Gauntlet and Volcano.

You collected 1724 gold pieces.
You spent 1103 gold pieces at shops.

Inventory:

Hand Weapons
 d - a +3 antimagic great sword
 h - the +6 long sword "Haritell" (weapon) {spect, rC+ Int+3}
   (You took it off a gnoll on level 10 of the Dungeon)

   When its wielder attacks, the weapon's spirit leaps out and strikes again.
   The spirit shares a part of any damage it takes with its wielder.
   Int:       It affects your intelligence (+3).
   rC:        It protects you from cold.
 n - a +4 long sword of freezing
 q - a +0 great sword of holy wrath
 A - the +11 short sword "Killer Bee's Foe" {vorpal, rElec rF+}
   (Okawaru gifted it to you on level 5 of the Lair of Beasts)

   It inflicts extra damage upon your enemies.
   rF:        It protects you from fire.
   rElec:     It insulates you from electricity.
 D - the +8 great sword of Sharkskin {vorpal, Int+4}
   (You bought it in a shop on level 6 of the Dungeon)

   It inflicts extra damage upon your enemies.
   Int:       It affects your intelligence (+4).
 F - a +1 great sword of draining
 H - a +3 scimitar of holy wrath
 I - a +0 scimitar of flaming
Armour
 a - a +1 ring mail of willpower (worn)
 c - a +2 robe of positive energy
 r - a +0 helmet (worn)
 v - a scarf of resistance (worn)
 E - the +1 kite shield of Hangman (worn) {Dex+5}
   (Okawaru gifted it to you on level 10 of the Dungeon)

   Dex:       It affects your dexterity (+5).
 K - a +1 pair of boots of rampaging (worn)
 P - a +4 scale mail of fire resistance
 T - a +2 robe of resistance
Magical Staves
 V - a staff of death
Jewellery
 b - the ring of Peranlan (right hand) {Ice rPois Str+3}
   (You found it in a Gauntlet)

   [ring of ice]

   It enhances your ice magic.
   Str:       It affects your strength (+3).
   rF:        It makes you vulnerable to fire.
   rC:        It protects you from cold.
   rPois:     It protects you from poison.
 e - a ring of resist corrosion (left hand)
 f - a +6 ring of strength
 i - an amulet of reflection (around neck)
 L - a ring of poison resistance
 N - the ring "Coirah" {MP+9 Str+6 Int+9 Stlth-}
   (You found it in a Gauntlet)

   [ring of magical power]

   Str:       It affects your strength (+6).
   Int:       It affects your intelligence (+9).
   MP:        It affects your magic capacity (+9).
   Stlth:     It makes you less stealthy.
 R - an amulet of guardian spirit
 W - a +6 ring of dexterity
Wands
 j - a wand of digging (2)
 o - a wand of paralysis (9)
 J - a wand of flame (9)
 U - a wand of iceblast (6) (quivered)
Scrolls
 p - 2 scrolls of vulnerability {vuln, unknown}
 w - a scroll of fog
 y - 2 scrolls of teleportation
 z - 2 scrolls of magic mapping
 B - a scroll of immolation
 Q - a scroll of torment
Potions
 g - 3 potions of brilliance
 k - 2 potions of haste
 l - 3 potions of flight
 m - 4 potions of curing
 s - 5 potions of mutation
 t - 2 potions of degeneration {unknown}
 u - 2 potions of resistance
 x - 2 potions of attraction
 G - 5 potions of might {unknown}
Miscellaneous
 O - a condenser vane (inert)


   Skills:
 * Level 14.7 Fighting
 - Level 4.2(11.3) Short Blades
 * Level 17.4(17.7) Long Blades
 - Level 10.2 Armour
 * Level 9.7 Dodging
 - Level 2.1 Stealth
 - Level 10.5 Shields
 + Level 8.0 Spellcasting
 + Level 5.1 Conjurations
 * Level 8.4 Translocations
 + Level 7.7 Transmutations
 - Level 2.0 Air Magic
 + Level 4.4 Earth Magic
 * Level 11.3 Invocations
 + Level 7.2 Evocations


You had 25 spell levels left.
You knew the following spells:

 Your Spells              Type           Power      Damage    Failure   Level
a - Apportation           Tloc           78%        N/A       1%          1
b - Wereblood             Tmut           37%        N/A       1%          2
c - Lesser Beckoning      Tloc           39%        N/A       2%          3
d - Teleport Other        Tloc           39%        N/A       2%          3

Your spell library contained the following spells:

 Spells                   Type           Power      Damage    Failure   Level
 Beastly Appendage        Tmut           74%        N/A       1%          1
 Gell's Gravitas          Tloc           39%        N/A       2%          3
 Sandblast                Erth           48%        2d12      4%          1
 Sting                    Tmut/Pois      88%        1d7       6%          1
 Shock                    Conj/Air       84%        1d8       7%          1
 Stone Arrow              Conj/Erth      50%        3d10      13%         3
 Portal Projectile        Hex/Tloc       46%        N/A       16%         3
 Spider Form              Tmut/Pois      22%        N/A       19%         3
 Petrify                  Tmut/Erth      30%        N/A       26%         4
 Poisonous Vapours        Pois/Air       22%        N/A       30%         2
 Conjure Flame            Conj/Fire      17%        6-21      32%         3
 Dazzling Flash           Conj/Hex       34%        N/A       32%         3
 Ignite Poison            Fire/Tmut/Pois 17%        N/A       32%         3
 Blade Hands              Tmut           18%        N/A       34%         5
 Swiftness                Air            15%        N/A       38%         3
 Scorch                   Fire           14%        2d5       43%         2
 Ozocubu's Armour         Ice            11%        N/A       67%         3
 Flame Wave               Conj/Fire      17%        2d6       71%         4
 Sticky Flame             Conj/Fire      17%        2d4       71%         4
 Leda's Liquefaction      Hex/Erth       8%         N/A       77%         4
 Airstrike                Air            7%         0-4+      80%         4
 Alistair's Intoxication  Tmut/Pois      14%        N/A       87%         5
 Olgreb's Toxic Radiance  Pois           7%         N/A       97%         4
 Ozocubu's Refrigeration  Ice            5%         4d6       100%        7
 Lehudib's Crystal Spear  Conj/Erth      12%        10d4      100%        8
 Shatter                  Erth           12%        3d13*     100%        9
 Tukima's Dance           Hex            Unusable   N/A       N/A         3
 Animate Armour           Summ/Erth      Unusable   N/A       N/A         4
 Summon Ice Beast         Ice/Summ       Unusable   N/A       N/A         4
 Summon Mana Viper        Hex/Summ       Unusable   N/A       N/A         5
 Summon Cactus Giant      Summ           Unusable   N/A       N/A         6
 Monstrous Menagerie      Summ           Unusable   N/A       N/A         7

Dungeon Overview and Level Annotations

Branches:
Dungeon (13/15) Zot: 794   Temple (1/1) D:5 Zot: 329    Lair (5/5) D:9 Zot: 1288
  Slime (5/5) Lair:5 Zot: 1458     Orc (2/2) D:12 Zot: 236     Elf (0/3) Orc:2
Ossuary (visited)         Volcano (visited)         Gauntlet (visited)
  Swamp: Lair:2-3    Shoals: Lair:2-3     Snake: Lair:2-3    Spider: Lair:2-3
 Vaults: D:13-14

Altars:
Ashenzari
Cheibriados
Dithmenos
Elyvilon
Gozag
Hepliaklqana
Makhleb
Nemelex Xobeh
Okawaru
Qazlal
Ru
Trog
Uskayaw
Vehumet
Wu Jian
Xom
Yredelemnul
Zin
The Shining One
Jiyva

Shops:
D:6 (   D:9 *   Orc:2 *?:(

Portals:
Pandemonium: Orc:2

Annotations:
Lair:2 Gastronok
Slime:5 Royal Jelly


Innate Abilities, Weirdness & Mutations

You passively map a large area around you.
You are easily found by Zot.
You glow in the dark.
You regain HP and MP as you explore.
You occasionally lose the ability to read scrolls when taking damage.


Message History

Your +6 long sword "Haritell" {spect, rC+ Int+3} is burned by acid!
Your spectral weapon shares its damage with you!
The acid blob completely misses you. You block the rockslime's attack.
You slash the acid blob!
Your hands burn!
The acid blob is severely wounded.
Your +6 long sword "Haritell" {spect, rC+ Int+3} hits the acid blob!!
Your +6 long sword "Haritell" {spect, rC+ Int+3} is burned by acid!
The acid blob spits acid at your +6 long sword "Haritell" {spect, rC+ Int+3}.
The splash of acid hits your +6 long sword "Haritell" {spect, rC+ Int+3}!
Your spectral weapon shares its damage with you!
The rockslime hits you!!
You stumble backwards!
The acid blob spits acid at your +6 long sword "Haritell" {spect, rC+ Int+3}.
The splash of acid hits your +6 long sword "Haritell" {spect, rC+ Int+3}!
Your spectral weapon shares its damage with you!
Your +6 long sword "Haritell" {spect, rC+ Int+3} fades away.
The acid blob quivers.
You slash the rockslime!
The rockslime is heavily wounded.
Your +6 long sword "Haritell" {spect, rC+ Int+3} hits the rockslime!
The rockslime misses your +6 long sword "Haritell" {spect, rC+ Int+3}.
You strike the helpless rockslime from behind!
You hit the rockslime but do no damage.
The rockslime is severely wounded.
Your +6 long sword "Haritell" {spect, rC+ Int+3} hits the rockslime but does no damage.
The rockslime hits you!!!
You feel threatened and lose the ability to read scrolls!
* * * LOW HITPOINT WARNING * * *
You stumble backwards!
You slash the rockslime!
The rockslime is almost dead.
Your +6 long sword "Haritell" {spect, rC+ Int+3} hits the rockslime but does no damage.
You slash the acid blob!
Your hands burn!
* * * LOW HITPOINT WARNING * * *
The acid blob is almost dead.
Your +6 long sword "Haritell" {spect, rC+ Int+3} hits the acid blob!
Your +6 long sword "Haritell" {spect, rC+ Int+3} is burned by acid!
Your spectral weapon shares its damage with you!
* * * LOW HITPOINT WARNING * * *
The rockslime hits you!!
You die...

##............................
####.............................
#..##.......................^....
#.......................#.....##.
#.#..................#####.###*#.
#........^..........##*,*#,,**,##
#..................##*,,,**,*,,,#
#.................##*,,,**,,**,,,
................@##*,,,,,*,**,,,,
..............(JJ# *,,,,**,.#*,,,
.................# **,,*,**.#)#,,
................G#********,.#####
.................#*,,,*,,,,.J..#J
....................#,,,*,,_.#...
..................###*****,J####*
.................##**,,*,**.#[#,,
..................**,,,,**,.##,,,


You could see an acid blob, a rockslime, a shining eye and a friendly +6 long
sword "Haritell" {spect, rC+ Int+3} (summoned).

Vanquished Creatures
  12 acid blobs
  Kirke (Lair:4)
  3 azure jellies
  3 rockslimes
  A balrug (Gauntlet)
  An orc warlord (Arena)
  4 quicksilver oozes (Slime:5)
  3 dire elephants (Lair:5)
  A red draconian (Volcano)
  A minotaur (Gauntlet)
  3 hydras
  2 demonspawn (Orc:2)
  2 boulder beetles (D:12)
  4 two-headed ogres
  11 death yaks
  6 orc high priests
  2 soul eaters
  A skeletal warrior (D:10)
  A sixfirhy (Arena)
  A salamander mystic (Arena)
  A spectral anaconda (Lair:5)
  A glowing orange brain (Slime:5)
  An obsidian statue (Arena)
  3 necromancers (Lair:5)
  A shining eye (Slime:5)
  A manticore (D:10)
  9 orc knights
  A worldbinder (Arena)
  An ugly thing (D:12)
  8 orc sorcerers
  A cyclops (D:11)
  5 salamanders (Volcano)
  30 elephants
  An ice statue (Lair:5)
  Joseph (D:9)
  2 gargoyles (D:12)
  Maurice (Orc:2)
  An eye of devastation (Slime:5)
  2 orange demons (Orc:2)
  A dire elephant skeleton (Lair:5)
  An unseen horror (D:11)
  6 cane toads
  3 komodo dragons
  An efreet (D:10)
  An ice devil (Lair:5)
  4 trolls
  A red devil (Orc:2)
  4 polar bears (Lair:5)
  A spectral elephant (Lair:5)
  4 blink frogs (Lair:1)
  25 slime creatures
  4 wyverns
  6 spriggans (Lair:1)
  A wraith (D:11)
  56 yaks
  A golden eye (Slime:5)
  A vampire (D:10)
  3 humans (Lair:4)
  A basilisk (D:11)
  A chaos spawn (Orc:2)
  A death yak simulacrum (Lair:5)
  2 wargs (Orc:2)
  A spectral cane toad (Lair:5)
  Menkaure (D:7)
  An acid dragon (D:9)
  7 water moccasins
  27 orc warriors
  A sky beast (D:7)
  A black bear (D:5)
  9 ice beasts
  A boggart (Gauntlet)
  6 ogres
  6 centaurs
  A phantom (D:5)
  A kobold brigand (D:7)
  An elf zombie (Ossuary)
  3 gnoll sergeants
  5 bullfrogs
  3 cane toad simulacra (Lair:5)
  6 scorpions
  11 howler monkeys
  3 hounds
  3 jellies
  29 orc priests
  Crazy Yiuf (D:4)
  6 iguanas
  17 orc wizards
  7 hell rats
  4 hound zombies
  4 mummies (Ossuary)
  A howler monkey zombie (D:4)
  13 gnolls
  A howler monkey skeleton (D:4)
  9 adders
  A river rat (D:9)
  6 shadow imps
  3 white imps
  2 ufetubi
  57 orcs
  4 ball pythons
  6 bats
  4 endoplasms
  6 giant cockroaches
  2 gnoll zombies (Ossuary)
  6 hobgoblins
  3 jackals
  7 quokkas
  2 frilled lizards (D:1)
  7 goblins
  A goblin zombie (Ossuary)
  A jackal zombie (Ossuary)
  7 kobolds
  2 orc zombies (Ossuary)
  4 rats
  3 rat zombies (Ossuary)
587 creatures vanquished.

Vanquished Creatures (others)
  An orc priest (Orc:2)
  An orc wizard (Orc:1)
  A demonic plant (Gauntlet)
  4 fungi
  3 plants
  5 toadstools (D:1)
  32 withered plants
47 creatures vanquished.

Grand Total: 634 creatures vanquished

Notes
Turn   | Place    | Note
-------+----------+-------------------------------------------
     0 | D:1      | wingedge the Meteoran Wanderer began the quest for the Orb.
     0 | D:1      | wingedge set off with the following items: a +0 dagger, a
                  | +0 pair of boots, a scroll of fog, a +0 robe, a +0 buckler
                  | of protection; and the following spell memorised: Shock;
                  | and the following spells available to memorise: Dazzling
                  | Flash.
     0 | D:1      | Reached XP level 1. HP: 14/14 MP: 3/3
   152 | D:1      | Reached skill level 1 in Fighting
   152 | D:1      | Reached XP level 2. HP: 18/23 MP: 5/5
   404 | D:1      | Reached skill level 1 in Air Magic
   437 | D:1      | Found a faded altar of an unknown god.
   440 | D:1      | Prayed at the altar of an unknown god.
   440 | D:1      | Became a worshipper of Cheibriados the Contemplative
   440 | D:1      | Reached * piety under Cheibriados
   441 | D:1      | Fell from the grace of Cheibriados
   484 | D:1      | Glimpsed the power of Zot.
   521 | D:1      | Glimpsed the power of Zot.
   538 | D:1      | Reached XP level 3. HP: 29/29 MP: 6/6
   683 | D:2      | Reached XP level 4. HP: 37/37 MP: 0/7
   791 | D:2      | Reached skill level 1 in Short Blades
   953 | D:2      | Glimpsed the power of Zot.
  1182 | D:3      | Reached XP level 5. HP: 29/45 MP: 4/8
  1408 | D:3      | Glimpsed the power of Zot.
  1427 | D:4      | Found a sand-covered staircase.
  1488 | D:4      | Reached XP level 6. HP: 48/51 MP: 9/9
  1570 | Ossuary  | Entered an ossuary
  1720 | Ossuary  | Reached XP level 7. HP: 39/57 MP: 10/10
  2044 | D:4      | Found a runed translucent door.
  2045 | D:4      | Noticed Crazy Yiuf
  2064 | D:4      | Killed Crazy Yiuf
  2124 | D:4      | Glimpsed the power of Zot.
  2162 | D:4      | Reached skill level 1 in Long Blades
  2163 | D:4      | Glimpsed the power of Zot.
  2175 | D:5      | Entered Level 5 of the Dungeon
  2176 | D:5      | Found a staircase to the Ecumenical Temple.
  2210 | D:5      | Reached XP level 8. HP: 58/66 MP: 12/12
  2218 | Temple   | Entered the Ecumenical Temple
  2388 | Temple   | Became a worshipper of Warmaster Okawaru
  2442 | D:5      | Reached skill level 2 in Long Blades
  2462 | D:5      | Reached skill level 5 in Armour
  2535 | D:5      | Found a shadowy altar of Dithmenos.
  2581 | D:5      | Found a snail-covered altar of Cheibriados.
  2650 | D:5      | Reached * piety under Okawaru
  2651 | D:5      | Reached skill level 5 in Fighting
  2663 | D:5      | Reached skill level 3 in Long Blades
  2728 | D:5      | Gained mutation: You passively map the area around you.
                  | [Meteoran growth]
  2728 | D:5      | Reached XP level 9. HP: 47/74 MP: 12/15
  2734 | D:5      | Reached skill level 1 in Invocations
  2961 | D:6      | Found Isah's Antique Weapon Boutique.
  3103 | D:6      | Reached skill level 4 in Long Blades
  3156 | D:6      | Found an ornate altar of the Wu Jian Council.
  3320 | D:6      | Reached ** piety under Okawaru
  3363 | D:7      | Noticed Menkaure
  3427 | D:7      | Killed Menkaure
  3428 | D:7      | Reached skill level 5 in Long Blades
  3675 | D:7      | Reached skill level 6 in Long Blades
  3675 | D:7      | Reached XP level 10. HP: 76/84 MP: 15/17
  3794 | D:7      | Identified the +8 quarterstaff of the Sharp God {vorpal,
                  | rElec Will- Str+2 Dex+4}
  3838 | D:7      | Glimpsed the power of Zot.
  4106 | D:8      | Reached *** piety under Okawaru
  4107 | D:8      | Reached skill level 7 in Long Blades
  4136 | D:8      | Reached skill level 5 in Dodging
  4149 | D:8      | Reached skill level 8 in Long Blades
  4264 | D:6      | Glimpsed the power of Zot.
  4270 | D:6      | Bought an iridescent great sword for 356 gold pieces
  4270 | D:6      | Identified the +8 great sword of Sharkskin {vorpal, Int+4}
                  | (You bought it in a shop on level 6 of the Dungeon)
  4280 | D:6      | You fall into a shaft and drop 1 floor!
  4303 | D:8      | Glimpsed the power of Zot.
  4361 | D:9      | Was forgiven by Cheibriados
  4374 | D:9      | Noticed a death yak
  4437 | D:9      | Found Qimeri Rudi's Overcharged Wands.
  4482 | D:9      | Reached **** piety under Okawaru
  4483 | D:9      | Reached skill level 9 in Long Blades
  4576 | D:9      | Found a glowing silver altar of Zin.
  4692 | D:9      | Reached XP level 11. HP: 93/94 MP: 18/18
  4716 | D:9      | Found a staircase to the Lair.
  4723 | D:9      | Noticed Joseph
  4730 | D:9      | Noticed a death yak
  4736 | D:9      | Killed Joseph
  4737 | D:9      | Reached skill level 5 in Invocations
  4741 | D:9      | Noticed a death yak
  4745 | D:9      | Killed a death yak
  4746 | D:9      | Reached skill level 10 in Long Blades
  4749 | D:9      | Killed a death yak
  4756 | D:9      | Killed a death yak
  4756 | D:9      | Reached ***** piety under Okawaru
  4757 | D:9      | Reached skill level 11 in Long Blades
  4813 | D:9      | Received a gift from Okawaru
  4864 | D:9      | Glimpsed the power of Zot.
  4914 | D:9      | Glimpsed the power of Zot.
  4954 | D:9      | Glimpsed the power of Zot.
  4964 | D:9      | Touched by the power of Zot.
  4965 | D:10     | Entered Level 10 of the Dungeon
  5007 | D:10     | Noticed a two-headed ogre
  5018 | D:10     | Killed a two-headed ogre
  5018 | D:10     | Identified the +1 kite shield of Hangman {Dex+5} (Okawaru
                  | gifted it to you on level 10 of the Dungeon)
  5018 | D:10     | Received a gift from Okawaru
  5264 | D:10     | Reached skill level 12 in Long Blades
  5403 | D:10     | Found a hazy altar of Hepliaklqana.
  5425 | D:10     | Found a stormy altar of Qazlal.
  5425 | D:10     | Found a snail-covered altar of Cheibriados.
  5435 | D:10     | Noticed a skeletal warrior
  5436 | D:10     | Noticed an eight-headed hydra
  5436 | D:10     | Noticed a manticore
  5458 | D:10     | Killed an eight-headed hydra
  5459 | D:10     | Reached XP level 12. HP: 35/106 MP: 12/19
  5468 | D:10     | Reached skill level 5 in Shields
  5477 | D:10     | Killed a skeletal warrior
  5551 | D:11     | Reached skill level 10 in Fighting
  5563 | D:11     | Reached skill level 13 in Long Blades
  5567 | D:11     | Identified the +6 long sword "Haritell" {spect, rC+ Int+3}
  5580 | D:11     | Noticed a two-headed ogre
  5584 | Arena    | Entered the Arena
  5626 | D:11     | Killed a two-headed ogre
  5626 | D:11     | Received a gift from Okawaru
  5627 | D:11     | HP: 3/106 [orc priest/divine providence (11)]
  5877 | D:11     | Identified the +0 leather armour of Miahef {rPois}
  6023 | D:12     | Noticed a boulder beetle
  6035 | D:12     | Killed a boulder beetle
  6036 | D:12     | Reached skill level 1 in Evocations
  6330 | D:12     | Reached XP level 13. HP: 99/114 MP: 20/20
  6409 | D:12     | Noticed a boulder beetle
  6429 | D:12     | Killed a boulder beetle
  6480 | D:12     | Found a staircase to the Orcish Mines.
  6726 | Orc:1    | Entered Level 1 of the Orcish Mines
  6804 | Orc:1    | Found a transporter.
  6809 | Orc:1    | Noticed an orc warlord
  6810 | Orc:1    | Noticed a two-headed ogre
  6810 | Orc:1    | Noticed a two-headed ogre
  6811 | Orc:1    | Found a transporter.
  6836 | Orc:2    | Entered Level 2 of the Orcish Mines
  6836 | Orc:2    | Found a gate leading to a gauntlet.
  6888 | Orc:2    | Reached skill level 14 in Long Blades
  6911 | Gauntlet | Entered a Gauntlet
  6911 | Gauntlet | Found a transporter.
  6911 | Gauntlet | Found a transporter.
  6911 | Gauntlet | Found a transporter.
  6932 | Gauntlet | Found a transporter.
  6945 | Gauntlet | Found a transporter.
  6946 | Gauntlet | Found a transporter.
  6951 | Gauntlet | Noticed a balrug
  6955 | Gauntlet | Found a transporter.
  6974 | Gauntlet | Found a transporter.
  6977 | Gauntlet | Found a transporter.
  6980 | Gauntlet | Found a transporter.
  6988 | Gauntlet | Found a transporter.
  6991 | Gauntlet | Found a transporter.
  7019 | Arena    | Entered the Arena
  7092 | Gauntlet | Reached skill level 5 in Evocations
  7097 | Gauntlet | Identified the ring of Peranlan {Ice rPois Str+3}
  7191 | Gauntlet | Killed a balrug
  7200 | Gauntlet | Identified the ring "Coirah" {MP+9 Str+6 Int+9 Stlth-}
  7227 | Gauntlet | Noticed a minotaur
  7233 | Gauntlet | Killed a minotaur
  7238 | Gauntlet | Got Dispater's Precepts of Terrain
  7330 | Orc:2    | Found a staircase to the Elven Halls.
  7387 | Orc:2    | Noticed Maurice
  7396 | Orc:2    | Killed Maurice
  7527 | Orc:2    | Found Ylupluot's General Store.
  7533 | Arena    | Entered the Arena
  7551 | Orc:2    | Found Mur Ficzef's Magic Scroll Shoppe.
  7558 | Orc:2    | Reached skill level 1 in Earth Magic
  7559 | Orc:2    | Received a gift from Okawaru
  7605 | Orc:2    | Bought a scroll of identify for 24 gold pieces
  7605 | Orc:2    | Bought a potion of cancellation for 96 gold pieces
  7605 | Orc:2    | Identified a scroll of acquirement
  7608 | Orc:2    | Bought a scroll of teleportation for 33 gold pieces
  7608 | Orc:2    | Bought a scroll of enchant weapon for 82 gold pieces
  7608 | Orc:2    | Bought a scroll of identify for 22 gold pieces
  7608 | Orc:2    | Bought a scroll of enchant armour for 82 gold pieces
  7661 | Arena    | Entered the Arena
  7706 | Orc:2    | Reached XP level 14. HP: 81/124 MP: 16/22
  7747 | Orc:2    | Reached skill level 5 in Spellcasting
  7793 | Orc:2    | Found Ufas's Book Shop.
  7793 | Orc:2    | Found a one-way gate leading to the halls of Pandemonium.
  7793 | Orc:2    | Found Huniur's Antique Weapon Boutique.
  7802 | Orc:2    | Reached skill level 10 in Invocations
  7807 | Orc:2    | Bought a book of Changes for 216 gold pieces
  7807 | Orc:2    | Bought a book of Party Tricks for 192 gold pieces
  7839 | Orc:2    | Learned a level 1 spell: Apportation
  7842 | Orc:2    | Learned a level 2 spell: Wereblood
  8008 | Orc:1    | Reached skill level 15 in Long Blades
  8008 | Orc:1    | Reached skill level 1 in Transmutations
  8018 | Arena    | Entered the Arena
  8025 | Arena    | Killed an orc warlord
  8026 | Arena    | Reached skill level 1 in Translocations
  8032 | Arena    | Acquired an amulet of reflection
  8347 | Lair:1   | Entered Level 1 of the Lair of Beasts
  8393 | Lair:1   | Received a gift from Okawaru
  8501 | Lair:1   | Reached XP level 15. HP: 134/134 MP: 24/24
  8628 | Lair:2   | Noticed Gastronok
  8628 | Lair:2   | You fall into a shaft and drop 2 floors!
  8642 | Lair:4   | Noticed Kirke
  8655 | Lair:4   | Noticed a sphinx
  8655 | Lair:4   | Killed Kirke
  8728 | Lair:5   | Entered Level 5 of the Lair of Beasts
  8744 | Lair:5   | Learned a level 3 spell: Lesser Beckoning
  8771 | Lair:5   | Received a gift from Okawaru
  8797 | Lair:5   | Identified the +11 short sword "Killer Bee's Foe" {vorpal,
                  | rElec rF+} (Okawaru gifted it to you on level 5 of the Lair
                  | of Beasts)
  8797 | Lair:5   | Received a gift from Okawaru
  8880 | Lair:5   | Reached skill level 10 in Shields
  8901 | Lair:5   | Reached skill level 5 in Transmutations
  8915 | Lair:5   | Found a staircase to the Slime Pits.
  8928 | Lair:5   | Found a dark tunnel.
  8946 | Volcano  | Entered a volcano
  9107 | Arena    | Entered the Arena
  9188 | Lair:5   | Reached skill level 16 in Long Blades
  9197 | Lair:5   | Reached skill level 5 in Translocations
  9200 | Lair:5   | Received a gift from Okawaru
  9224 | Lair:5   | Reached XP level 16. HP: 144/144 MP: 27/27
  9720 | Arena    | Entered the Arena
  9842 | Lair:5   | Reached skill level 10 in Armour
  9842 | Lair:5   | Reached XP level 17. HP: 134/151 MP: 29/29
  9843 | Lair:5   | Gained mutation: You passively map a large area around you.
                  | [Meteoran growth]
  9843 | Lair:5   | Reached XP level 18. HP: 143/160 MP: 30/30
  9860 | Lair:5   | Learned a level 3 spell: Teleport Other
  9863 | Slime:1  | Entered Level 1 of the Pits of Slime
  9869 | Slime:1  | Noticed an acid blob
  9878 | Slime:2  | Noticed an acid blob
  9879 | Arena    | Entered the Arena
  9883 | Arena    | Killed an acid blob
  9905 | Slime:2  | Noticed an acid blob
  9927 | Slime:3  | Reached skill level 17 in Long Blades
  9973 | Slime:5  | Entered Level 5 of the Pits of Slime
  9984 | Slime:5  | Noticed an acid blob
 10035 | Slime:5  | Killed an acid blob
 10114 | Slime:5  | Noticed an acid blob
 10119 | Slime:5  | Noticed an acid blob
 10127 | Slime:5  | Killed an acid blob
 10127 | Slime:5  | Noticed an acid blob
 10417 | Slime:5  | Killed an acid blob
 10423 | Slime:5  | Killed an acid blob
 10559 | Slime:4  | Noticed an acid blob
 10599 | Slime:5  | Received a gift from Okawaru
 10657 | Slime:4  | Noticed an acid blob
 10667 | Slime:5  | Killed an acid blob
 10699 | Slime:5  | Gained mutation: You occasionally lose the ability to read
                  | scrolls when taking damage. [a shining eye]
 10718 | Slime:5  | Noticed an acid blob
 10723 | Arena    | Entered the Arena
 10726 | Arena    | Killed an acid blob
 10746 | Slime:5  | Noticed an acid blob
 10760 | Slime:5  | Found a viscous altar of Jiyva.
 10760 | Slime:5  | Noticed an acid blob
 10760 | Slime:5  | Noticed an acid blob
 10777 | Slime:5  | Killed an acid blob
 10778 | Slime:5  | Reached skill level 5 in Conjurations
 10784 | Slime:5  | Killed an acid blob
 10785 | Slime:5  | Reached XP level 19. HP: 148/168 MP: 23/32
 10786 | Slime:5  | Noticed the Royal Jelly
 10791 | Slime:5  | Noticed an acid blob
 10807 | Slime:5  | Noticed an acid blob
 10957 | Slime:4  | Killed an acid blob
 11266 | Slime:5  | Noticed an acid blob
 11270 | Slime:5  | Killed an acid blob
 11275 | Slime:5  | Killed an acid blob
 11513 | Slime:5  | Noticed an acid blob
 11528 | Slime:5  | Mangled by a rockslime

Illustrated notes

Levels and vault maps discovered:
D:1:      ldierk_walled_garden, layout_basic, chequers_ecumenical_altar_grove
D:2:      layout_basic
D:3:      lemuel_castle_with_subvaults [lemuel_castle_interior_carwin_2],
          layout_loops_ring, serial_bayou_pond_c, nicolae_figureground_sparkle
D:4:      layout_basic, nicolae_ossuary_entry_false_entrances, serial_undead,
          serial_undead_a, serial_undead_a, serial_undead_d, serial_undead_b,
          uniq_crazy_yiuf_cottage
D:5:      minmay_bubble_buster, layout_cave_pools,
          grunt_temple_overflow_growth_and_decay,
          minmay_temple_entry_stoned_glass, hangedman_feature_mirror
D:6:      layout_cave_pods, nzn_wu_jian_contemplation, serial_shops,
          nicolae_shop_hallway_plus
D:7:      kennysheep_steamy, layout_loops_cross, kennysheep_dice, uniq_menkaure
D:8:      layout_loops_corners, led_sif_book, hangedman_decor_slide_cut
D:9:      layout_irregular_city, zin_treasury, dpeg_lair_monsters,
          corexii_corridor_pit, nicolae_shop_overcharged_wands, uniq_joseph
D:10:     minmay_bloctagon_deflated, layout_small_grid,
          nzn_hepliaklqana_mist_gate, mainiacjoe_overflow_large_starburst
D:11:     layout_cave_pools
D:12:     layout_gridville, orc_0_dummy
D:13:     layout_basic, serial_shops, nicolae_shop_statue_plus,
          nicolae_trove_entry_isolated, lemuel_old_faithful
Temple:   dpeg_chambers_temple
Lair:1:   kb_forest_paths, layout_long_grid, chequers_serial_rivers_micro_c,
          lemuel_fruit_fields, serial_bayou_shore_b
Lair:2:   layout_small_grid, spider_nest_entry_a, fungi_pond_lemuel,
          uniq_gastronok
Lair:4:   layout_regular_city, infiniplex_staircase_pool_2, uniq_sonja,
          uniq_kirke
Lair:5:   due_jungle_book, layout_big_grid, slime_entry_1, enter_volcano_2,
          ice2_lemuel
Slime:1:  layout_caves
Slime:2:  layout_caves, uniq_donald
Slime:3:  layout_caves, cheibrodos_slime_lost_civilization_6
Slime:4:  layout_caves
Slime:5
Orc:1:    gammafunk_beogh_shrine, layout_diamond_mine, nicolae_orc_lost_temple
Orc:2:    pf_orc_diabolical, layout_caves, gauntlet_entry_generic, uniq_maurice

Skill      XL: |  1  2  3  4  5  6  7  8  9 10 11 12 13 14 15 16 17 18 |
---------------+-------------------------------------------------------+-----
Fighting       | 1 2 3 4 5 6 8 9 10 11 12 13 14 | 14.7
Air Magic      | 1 2 |  2.0
Short Blades   | 2 3 4 |  4.2
Armour         | 2 3 4 5 6 7 8 10 | 10.2
Long Blades    | 1 3 6 9 12 13 14 15 16 17 | 17.4
Spellcasting   | 2 3 4 5 6 7 8 |  8.0
Shields        | 3 4 6 8 9 10 | 10.5
Invocations    | 4 7 8 9 10 11 | 11.3
Dodging        | 3 5 6 8 9 |  9.7
Evocations     | 2 6 7 |  7.2
Earth Magic    | 2 4 |  4.4
Conjurations   | 3 5 |  5.1
Transmutations | 3 5 6 7 |  7.7
Translocations | 2 5 6 7 8 |  8.4
Stealth        | |  2.1

Action                   |  1- 3 |  4- 6 |  7- 9 | 10-12 | 13-15 | 16-18 | 19-21 || total
-------------------------+-------+-------+-------+-------+-------+-------+-------++-------
Melee: Dagger            |   107 |     5 |       |       |       |       |       ||   112
       Short sword       |       |   199 |   429 |    36 |       |       |       ||   664
       Long sword        |       |       |       |   358 |   689 |   328 |    59 ||  1434
       Great sword       |       |       |       |    47 |       |       |       ||    47
       Scimitar          |       |       |       |       |    43 |       |       ||    43
 Cast: Shock             |    18 |     8 |    17 |    19 |       |       |       ||    62
       Apportation       |       |       |       |       |    11 |     8 |       ||    19
       Wereblood         |       |       |       |       |     9 |     8 |     1 ||    18
       Teleport Other    |       |       |       |       |       |     6 |       ||     6
       Lesser Beckoning  |       |       |       |       |       |     4 |     2 ||     6
Invok: Renounce Religion |     1 |       |       |       |       |       |       ||     1
       Heroism           |       |       |     6 |    13 |    17 |     9 |     2 ||    47
       Finesse           |       |       |       |     6 |     9 |     4 |     2 ||    21
       Duel              |       |       |       |     1 |     5 |     3 |       ||     9
Evoke: Wand              |       |       |       |     1 |    16 |     3 |       ||    20
       Condenser vane    |       |       |       |       |     1 |       |     1 ||     2
  Use: Potion            |     2 |       |     4 |     7 |    12 |     5 |       ||    30
       Scroll            |       |     3 |    14 |    12 |    15 |     4 |     3 ||    51
 Stab: Sleeping          |     2 |       |       |       |       |       |       ||     2
       Distracted        |     1 |       |       |     1 |    18 |    14 |     2 ||    36
       Paralysed         |       |       |       |       |     3 |       |       ||     3
Armor: Leather armour    |    72 |    10 |       |       |       |       |       ||    82
       Ring mail         |       |   220 |   190 |    92 |    64 |       |     8 ||   574
       Plate armour      |       |       |    44 |       |       |       |       ||    44
       Robe              |       |       |    29 |    35 |    16 |       |       ||    80
       Troll leather arm |       |       |       |    39 |    10 |       |       ||    49
       Scale mail        |       |       |       |       |     6 |    73 |       ||    79
       Chain mail        |       |       |       |       |     5 |       |       ||     5
Dodge: Dodged            |    54 |   134 |   136 |   193 |   216 |   140 |    26 ||   899
Block: Buckler           |    28 |    77 |   141 |    64 |       |       |       ||   310
       Kite shield       |       |       |       |    76 |   360 |   216 |    44 ||   696
       Reflection        |       |       |       |       |       |     3 |     1 ||     4

Table legend: (Time is in decaauts)
 A = Elapsed time spent in this place.
 B = Non-inter-level travel time spent in this place.
 C = Inter-level travel time spent in this place.
 D = Time resting spent in this place.
 E = Time spent auto-exploring this place.
 F = Levels seen in this place.
 G = Mean time per level.
                   A        B        C        D        E       F      G
               +--------+--------+--------+--------+--------+-----+--------+
         Total |  12020 |  10972 |   1048 |   1077 |      0 |  37 |  324.9 |
       Dungeon |   7206 |   6394 |    812 |      0 |      0 |  13 |  554.3 |
        Temple |    270 |    270 |      0 |      0 |      0 |   1 |  270.0 |
          Lair |   1111 |   1035 |     76 |      0 |      0 |   4 |  277.8 |
    Slime Pits |   1541 |   1541 |      0 |   1077 |      0 |   5 |  308.2 |
  Orcish Mines |    963 |    803 |    160 |      0 |      0 |   2 |  481.5 |
       Ossuary |    300 |    300 |      0 |      0 |      0 |   1 |  300.0 |
       Volcano |    163 |    163 |      0 |      0 |      0 |   1 |  163.0 |
      Gauntlet |    323 |    323 |      0 |      0 |      0 |   1 |  323.0 |
         Arena |    139 |    139 |      0 |      0 |      0 |   9 |   15.4 |
               +--------+--------+--------+--------+--------+-----+--------+

Top non-repeatable levels by time:
  Lair:5: 784 daAuts
 Slime:4: 778 daAuts
    D:12: 769 daAuts
     D:7: 763 daAuts
 Slime:5: 690 daAuts
     D:6: 672 daAuts
     D:9: 664 daAuts
     D:4: 647 daAuts
    D:10: 645 daAuts
   Orc:2: 629 daAuts
     D:1: 616 daAuts
     D:3: 569 daAuts
     D:2: 530 daAuts
     D:5: 520 daAuts
     D:8: 456 daAuts
